 Dungeon Crawl Stone Soup version 0.31-a0-986-g5e6e4ef867 (webtiles) character file.

Game seed: 6119515244827687699

26478 quinnr the Zephyrmancer (level 13, -13/82 HPs)
             Began as a Tengu Air Elementalist on Nov 16, 2023.
             Was an Elder of Vehumet.
             Killed by the air
             ... invoked by Gastronok
              (31 damage)
             ... on level 3 of the Lair of Beasts.
             The game lasted 00:40:33 (20282 turns).

quinnr the Zephyrmancer (Tengu Air Elementalist)   Turns: 20282, Time: 00:40:34

Health: -13/82     AC:  3    Str:  8    XL:     13   Next: 26%
Magic:  20/24      EV: 18    Int: 19    God:    Vehumet [****..]
Gold:   775        SH:  0    Dex: 17    Spells: 13/26 levels left

rFire   . . .        b - +0 dagger (venom)
rCold   . . .        (no shield)
rNeg    + . .        H - +1 robe {rN+}
rPois   .            (helmet restricted)
rElec   .            (no cloak)
rCorr   .            (no gloves)
SInv    .            (boots unavailable)
Will    .....        K - amulet of magic regeneration
Stlth   +++          Z - ring of wizardry
HPRegen 0.33/turn    z - ring of wizardry
MPRegen 0.59/turn

%: acrobat, wizardry (x2)
@: flying
A: beak, talons 3, evasive flight, acrobatic
a: Renounce Religion


You were on level 3 of the Lair of Beasts.
You worshipped Vehumet.
Vehumet was greatly pleased with you.
You visited 2 branches of the dungeon, and saw 14 of its levels.
You also visited: Bailey.

You collected 775 gold pieces.


Innate Abilities, Weirdness & Mutations

You have a beak for a mouth.
You have claws for feet.
Your magical flight helps you evade attacks. (EV +4)
You can magically evade attacks while moving or waiting.


   Skills:
 - Level 10.0 Fighting
 - Level 5.0 Short Blades
 - Level 4.0 Armour
 - Level 5.0 Dodging
 - Level 4.0 Stealth
 + Level 7.3 Spellcasting
 - Level 5.0 Conjurations
 - Level 5.0 Hexes
 - Level 10.0 Ice Magic
 - Level 13.0 Air Magic
 - Level 3.0 Evocations


You had 13 spell levels left.
You knew the following spells:

 Your Spells              Type           Power      Damage    Failure   Level
a - Airstrike             Air            27%        2d(4-20)  1%          4
e - Ensorcelled Hibernat  Hex/Ice        70%        N/A       1%          2
i - Swiftness             Air            54%        N/A       1%          3
z - Shock                 Conj/Air       100%       1d9       1%          1
X - Hailstorm             Conj/Ice       35%        3d9       1%          3

Your spell library contained the following spells:

 Spells                   Type           Power      Damage    Failure   Level
 Arcjolt                  Conj/Air       20%        1d30      1%          5
 Static Discharge         Conj/Air       82%        3-7/arc   1%          2
 Passwall                 Tmut/Erth      5%         N/A       4%          2
 Summon Forest            Summ/Tloc      3%         N/A       54%         5
 Eringya's Noxious Bog    Tmut/Pois      3%         4d6       75%         6
 Summon Hydra             Summ           3%         N/A       100%        7

Inventory:

Hand Weapons
 b - a +0 dagger of venom (weapon)
 t - the +8 short sword of a treasure trove {heavy, rF+ rC+}
   (You found it on level 2 of the Dungeon)

   rF+:       It protects you from fire.
   rC+:       It protects you from cold.
 N - a +1 dagger of speed
 V - a -1 demon whip of venom
Missiles
 w - 4 throwing nets {=f}
Armour
 f - a +2 leather armour of willpower
 F - a +0 robe
 H - a +1 robe of positive energy (worn)
Magical Staves
 a - a staff of air {!a}
 g - a staff of death {!a}
Jewellery
 s - a +6 ring of strength
 y - a +4 ring of slaying
 z - a ring of wizardry (right hand)
 C - a ring of ice
 D - a +6 ring of dexterity
 I - a +6 ring of intelligence
 K - an amulet of magic regeneration (around neck)
 R - a ring of resist corrosion
 S - a +6 ring of strength
 Y - a +4 ring of slaying
 Z - a ring of wizardry (left hand)
Wands
 O - a wand of acid (1)
 P - a wand of flame (6)
 Q - a wand of digging (8)
Scrolls
 e - 3 scrolls of summoning {unknown}
 h - a scroll of noise {unknown}
 n - a scroll of fear {unknown}
 p - 3 scrolls of silence {unknown}
 r - 4 scrolls of teleportation {unknown}
 u - a scroll of amnesia {unknown}
 v - a scroll of enchant weapon {unknown}
 G - a scroll of vulnerability {unknown}
 J - a scroll of fog
 T - a scroll of acquirement {unknown}
Potions
 c - 5 potions of invisibility {unknown}
 d - 5 potions of curing {@q1}
 i - 2 potions of magic
 j - 2 potions of lignification {unknown}
 k - a potion of attraction
 l - a potion of cancellation {unknown}
 m - 6 potions of enlightenment {unknown}
 o - 3 potions of might
 q - 8 potions of heal wounds {unknown}
 x - 2 potions of resistance
 A - 2 potions of haste {unknown}
 B - 3 potions of mutation
 E - 4 potions of brilliance
 L - a potion of ambrosia {unknown}
Miscellaneous
 M - a sack of spiders (inert)
 U - a phial of floods

Dungeon Overview and Level Annotations

Branches:
Dungeon (11/15)              Lair (3/5) D:9           Swamp (0/4) Lair:2
  Snake (0/4) Lair:2          Orc (0/2) D:10         Bailey (visited)
 Temple: D:4-7

Altars:
Ashenzari
Fedhas
Gozag
Hepliaklqana
Makhleb
Nemelex Xobeh
Okawaru
Ru
Vehumet
Xom
Yredelemnul
Zin

Shops:
D:9 [

Annotations:
D:4 upvault
D:6 1 transporter
D:8 exclusion: downstairs
Lair:2 exclusion: downstairs
Lair:3 Gastronok, Nessos

..........##.......
...................
....#..............
#.#.#..............
#
...........#.......
..
....#.....#........
...
...................
...
....#....†.........
...
>........@.........
...
....#.........##...
... ..............#
.. ...
#.#.#............ .
...
.................
...
................
...
..............w.
... ...............
... ...


You could see Gastronok.


Message History

Confirm with . or Enter, or press ? or * to list all spells.
Aiming: Ensorcelled Hibernation (safe; 1% risk of failure)
Press: ? - help, Shift-Dir - straight line, f - Gastronok
Aim: Gastronok, wearing a +0 hat of intelligence (wandering, hasn't noticed you, chance to affect: 15%) Gastronok gurgles horribly!
Gastronok resists with almost no effort.
Unknown command.
Gastronok waves his eye-stalks in wide circles.
The air twists around and strikes you!!
* * * LOW HITPOINT WARNING * * *
There is a stone staircase leading up, spattered with blood here.
Casting: Ensorcelled Hibernation (safe; 1% risk of failure)
Confirm with . or Enter, or press ? or * to list all spells.
Aiming: Ensorcelled Hibernation (safe; 1% risk of failure)
Press: ? - help, Shift-Dir - straight line, f/p - Gastronok
Aim: Gastronok, wearing a +0 hat of intelligence (chance to affect: 15%) Gastronok resists with almost no effort.
Unknown command.
Unknown command.
Casting: Ensorcelled Hibernation (safe; 1% risk of failure)
Confirm with . or Enter, or press ? or * to list all spells.
Aiming: Ensorcelled Hibernation (safe; 1% risk of failure)
Press: ? - help, Shift-Dir - straight line, f/p - Gastronok
Aim: Gastronok, wearing a +0 hat of intelligence (chance to affect: 15%) Gastronok resists with almost no effort.
Gastronok's mouth opens, radula flailing wildly.
Gastronok waves his eye-stalks in wide circles.
The air twists around and strikes you!!
You die...
Gastronok gurgles, "About time.
I'm starving!"

Skill      XL: |  1  2  3  4  5  6  7  8  9 10 11 12 13 |
---------------+----------------------------------------+-----
Air Magic      | 5 6 7 8 9 10 11 13 | 13.0
Ice Magic      | 1 2 3 4 7 9 10 | 10.0
Hexes          | 1 3 4 5 |  5.0
Armour         | 1 3 4 |  4.0
Fighting       | 1 4 5 7 10 | 10.0
Dodging        | 5 |  5.0
Spellcasting   | 4 6 7 |  7.3
Stealth        | 4 |  4.0
Evocations     | 3 |  3.0
Short Blades   | 5 |  5.0
Conjurations   | 5 |  5.0

Action                     |  1- 3 |  4- 6 |  7- 9 | 10-12 | 13-15 || total
---------------------------+-------+-------+-------+-------+-------++-------
  Melee: Unarmed           |     1 |       |       |       |       ||     1
         Short sword       |       |    11 |    66 |    55 |       ||   132
         Kick              |       |     5 |    34 |    19 |     7 ||    65
         Peck              |       |     3 |    20 |    12 |     4 ||    39
         Punch             |       |       |     1 |     1 |       ||     2
         Dagger            |       |       |       |    15 |    13 ||    28
         Staff             |       |       |       |       |     1 ||     1
   Cast: Shock             |    77 |   137 |   115 |    72 |     7 ||   408
         Ensorcelled Hiber |       |     9 |     2 |    60 |    18 ||    89
         Airstrike         |       |       |    81 |   257 |    36 ||   374
         Swiftness         |       |       |       |     4 |     1 ||     5
         Hailstorm         |       |       |       |     5 |     2 ||     7
  Evoke: Wand              |       |     1 |    11 |    10 |       ||    22
         Sack of spiders   |       |       |       |     3 |     1 ||     4
    Use: Scroll            |     2 |     2 |     7 |     4 |       ||    15
         Potion            |       |     1 |     1 |       |       ||     2
   Stab: Sleeping          |       |     1 |     1 |    16 |     5 ||    23
         Distracted        |       |       |       |     1 |       ||     1
 Armour: Robe              |     7 |    15 |       |    94 |    30 ||   146
         Leather armour    |       |     4 |    26 |       |       ||    30
  Dodge: Dodged            |    12 |    31 |    78 |   236 |    75 ||   432

Levels and vault maps discovered:
D:1:      nicolae_arrival_washed_ashore, layout_basic, minmay_vboxes
D:2:      minmay_evil_eye, layout_basic, shapermc_ecumenical_altar_notcrosses
D:3:      layout_basic, mainiacjoe_overflow_tiny_flanked, doesnt_xom_only_xom
D:4:      layout_gridville, evilmike_ruin_ashenzari,
          mainiacjoe_overflow_six_doors_small, nicolae_overflow_hidden_temple,
          uniq_menkaure, uniq_duvessa
D:5:      layout_rooms, serial_rivers, chequers_serial_rivers_small_b,
          chequers_serial_rivers_small_b, chequers_serial_rivers_micro_d,
          chequers_serial_rivers_micro_a, chequers_serial_rivers_micro_a,
          chequers_serial_rivers_small_3, lexackson_kobold_supper
D:6:      gammafunk_cloud_chamber, layout_basic, dancing_weapons_uskayaw,
          minmay_temple_entry_offerings, gammafunk_ghost_grave, serial_rivers,
          chequers_serial_rivers_large_a, chequers_serial_rivers_micro_c,
          chequers_serial_rivers_small_3, chequers_serial_rivers_marsh,
          chequers_serial_rivers_small_b
D:7:      layout_layer_cave, amcnicky_altar_gilded, enter_bailey_4, minivault_25
D:8:      nicolae_cairo_tiling_large, layout_rooms, nicolae_vehumet_radiance,
          roadster_trireme
D:9:      layout_loops_ring, minmay_lair_entry_grove, serial_shops,
          nicolae_shop_competitors_out_of_business, serial_aquarium,
          aquarium_bridge_square [aquarium_subvault_wall,
          aquarium_subvault_bridge, aquarium_subvault_wall,
          aquarium_subvault_bridge], aquarium_bridge_square
          [aquarium_subvault_bridge, aquarium_subvault_wall,
          aquarium_subvault_window, aquarium_subvault_window],
          aquarium_window_1, aquarium_window_corner, aquarium_view_2d,
          aquarium_view_2f
D:10:     layout_small_grid, zin_statuary, bloody_makhleb, orc_david_3,
          uniq_urug, uniq_snorg
D:11:     layout_roguey, led_sif_pool
Lair:1:   layout_gridlike, grunt_megastairs_1, lemuel_fruit_fields,
          lemuel_fruit_tree
Lair:2:   layout_regular_city, minmay_swamp_entry_eels,
          alex1729_snake_entry_snake, uniq_harold
Lair:3:   layout_cave_shapes, st_stairs_4, dreamdust_gnoll_shepherd,
          uniq_nessos, uniq_amaemon, uniq_gastronok

Notes
Turn   | Place    | Note
-------+----------+-------------------------------------------
     0 | D:1      | quinnr the Tengu Air Elementalist began the quest for the
                  | Orb.
     0 | D:1      | Reached XP level 1. HP: 10/10 MP: 4/4
   161 | D:1      | Reached XP level 2. HP: 15/15 MP: 1/6
   347 | D:1      | Reached skill level 5 in Air Magic
   520 | D:1      | Reached XP level 3. HP: 19/19 MP: 2/7
   638 | D:1      | Learned a level 2 spell: Ensorcelled Hibernation
  1586 | D:2      | Reached skill level 1 in Ice Magic
  1633 | D:2      | Reached skill level 6 in Air Magic
  1680 | D:2      | Reached XP level 4. HP: 24/24 MP: 5/8
  1866 | D:2      | Identified the +8 short sword of a treasure trove {heavy,
                  | rF+ rC+}
  2206 | D:2      | Found a faded altar of an unknown god.
  2747 | D:3      | Reached skill level 2 in Ice Magic
  2747 | D:3      | Reached XP level 5. HP: 19/28 MP: 3/9
  3190 | D:3      | Found an opulent altar of Gozag.
  3464 | D:3      | Found a shimmering altar of Xom.
  3467 | D:3      | Found a blossoming altar of Fedhas.
  3467 | D:3      | Found a shimmering altar of Xom.
  3469 | D:3      | Found a sacrificial altar of Ru.
  3469 | D:3      | Found a basalt altar of Yredelemnul.
  3469 | D:3      | Found a hazy altar of Hepliaklqana.
  3699 | D:4      | Found a blossoming altar of Fedhas.
  3703 | D:4      | Noticed Duvessa
  3738 | D:4      | Killed Duvessa
  3739 | D:4      | Reached skill level 1 in Hexes
  3739 | D:4      | Reached skill level 7 in Air Magic
  3739 | D:4      | Reached XP level 6. HP: 18/32 MP: 0/10
  3835 | D:4      | Noticed Dowan
  3852 | D:4      | HP: 3/48 [Dowan/+0 dagger (5)]
  3854 | D:4      | Killed Dowan
  3855 | D:4      | Reached skill level 3 in Ice Magic
  4186 | D:4      | Found a broken altar of Ashenzari.
  4217 | D:5      | Entered Level 5 of the Dungeon
  4224 | D:4      | Reached skill level 1 in Armour
  4924 | D:4      | Gained mutation: Your magical flight helps you evade
                  | attacks. (EV +4) [Tengu growth]
  4924 | D:4      | Reached XP level 7. HP: 35/36 MP: 9/11
  5019 | D:4      | Noticed Menkaure
  5036 | D:3      | Learned a level 4 spell: Airstrike
  5040 | D:3      | Learned a level 3 spell: Swiftness
  5043 | D:4      | Killed Menkaure
  5044 | D:4      | Reached skill level 1 in Fighting
  5044 | D:4      | Reached skill level 2 in Armour
  5165 | D:4      | Found an iron altar of Okawaru.
  5279 | D:5      | Reached skill level 4 in Ice Magic
  5279 | D:5      | Reached skill level 8 in Air Magic
  5380 | D:5      | Reached skill level 3 in Armour
  5662 | D:5      | Identified a potion of resistance
  5756 | D:5      | Reached XP level 8. HP: 37/43 MP: 3/12
  6108 | D:5      | Reached skill level 4 in Armour
  6108 | D:5      | Reached skill level 9 in Air Magic
  6491 | D:6      | Reached skill level 3 in Dodging
  6520 | D:6      | Found a transporter.
  6677 | D:7      | Reached skill level 4 in Dodging
  6704 | D:7      | Found a flagged portal.
  6711 | Bailey   | Entered a bailey
  7125 | Bailey   | Reached skill level 5 in Dodging
  7252 | Bailey   | Noticed an orc knight
  7523 | Bailey   | Killed an orc knight
  7524 | Bailey   | Reached skill level 4 in Spellcasting
  7524 | Bailey   | Reached XP level 9. HP: 29/48 MP: 3/16
  7926 | D:7      | Reached skill level 2 in Fighting
  8010 | D:7      | Reached skill level 3 in Stealth
  8190 | D:7      | Reached skill level 2 in Hexes
  8476 | D:7      | Reached skill level 3 in Fighting
  8775 | D:7      | Reached skill level 4 in Stealth
  8776 | D:7      | Reached skill level 10 in Air Magic
  9142 | D:7      | Found a sparkling altar of Nemelex Xobeh.
  9775 | D:7      | Reached skill level 4 in Fighting
  9775 | D:7      | Reached skill level 3 in Hexes
 10233 | D:8      | Reached skill level 5 in Spellcasting
 10502 | D:8      | Reached skill level 6 in Spellcasting
 10503 | D:8      | Reached XP level 10. HP: 58/58 MP: 2/20
 10808 | D:8      | Reached skill level 5 in Fighting
 10891 | D:8      | Found a radiant altar of Vehumet.
 10899 | D:8      | Became a worshipper of Vehumet
 10918 | D:8      | Reached skill level 1 in Evocations
 11008 | D:8      | Reached skill level 2 in Evocations
 11404 | D:8      | Reached skill level 3 in Evocations
 12083 | D:8      | Found a broken altar of Ashenzari.
 12343 | D:9      | Reached skill level 5 in Ice Magic
 12413 | D:9      | Noticed a two-headed ogre
 12415 | D:9      | Reached skill level 11 in Air Magic
 12501 | D:9      | Noticed a two-headed ogre
 12503 | D:9      | Reached * piety under Vehumet
 12503 | D:9      | Offered knowledge of Freeze by Vehumet.
 12727 | D:9      | Killed a two-headed ogre
 12728 | D:9      | Reached skill level 6 in Ice Magic
 12852 | D:8      | Reached skill level 7 in Ice Magic
 13166 | D:9      | Found a staircase to the Lair.
 13171 | D:9      | Reached skill level 4 in Hexes
 13171 | D:9      | Reached XP level 11. HP: 63/63 MP: 14/21
 13292 | Gauntlet | Identified the "Zisheom"
 13292 | Lair:1   | Entered Level 1 of the Lair of Beasts
 13442 | D:9      | Found Xakkuh's Antique Armour Emporium.
 13650 | D:9      | Reached skill level 5 in Hexes
 13996 | D:9      | Killed a two-headed ogre
 13997 | D:9      | Reached skill level 2 in Short Blades
 14172 | D:9      | Reached skill level 3 in Short Blades
 14296 | D:10     | Entered Level 10 of the Dungeon
 14418 | D:10     | Noticed a two-headed ogre
 14421 | D:10     | Killed a two-headed ogre
 14422 | D:10     | Reached skill level 4 in Short Blades
 14594 | D:9      | Reached skill level 5 in Short Blades
 14766 | D:10     | Found a glowing silver altar of Zin.
 14847 | D:10     | Found a staircase to the Orcish Mines.
 15017 | D:10     | Reached ** piety under Vehumet
 15076 | D:10     | Offered knowledge of Kiss of Death by Vehumet.
 15299 | D:10     | Noticed Urug
 15317 | D:10     | Killed Urug
 15318 | D:10     | Reached skill level 12 in Air Magic
 15552 | D:10     | Noticed Snorg
 15608 | D:10     | Killed Snorg
 16019 | D:10     | Reached skill level 13 in Air Magic
 16407 | D:10     | Found a burning altar of Makhleb.
 16494 | D:11     | Reached skill level 6 in Fighting
 16573 | D:11     | Noticed a white ugly thing
 16577 | D:11     | Killed a white ugly thing
 16665 | D:11     | Noticed a two-headed ogre
 16668 | D:11     | Killed a two-headed ogre
 16669 | D:11     | Reached skill level 7 in Fighting
 16669 | D:11     | Reached XP level 12. HP: 72/72 MP: 9/22
 16853 | Lair:1   | Offered knowledge of Hailstorm by Vehumet.
 16858 | Lair:1   | Learned a level 3 spell: Hailstorm
 16970 | Lair:1   | Reached skill level 8 in Fighting
 17305 | Lair:1   | Reached skill level 9 in Fighting
 17356 | Lair:1   | Reached *** piety under Vehumet
 18295 | Lair:2   | Reached skill level 10 in Fighting
 18308 | Lair:2   | Offered knowledge of Volatile Blastmotes by Vehumet.
 18340 | Lair:2   | Reached skill level 2 in Conjurations
 18468 | Lair:2   | Noticed Harold
 18505 | Lair:2   | Killed Harold
 18506 | Lair:2   | Reached skill level 3 in Conjurations
 18656 | Lair:2   | Reached skill level 4 in Conjurations
 18729 | Lair:2   | Reached skill level 8 in Ice Magic
 18757 | Lair:2   | Reached skill level 5 in Conjurations
 18787 | Lair:2   | Noticed a seven-headed hydra
 18792 | Lair:2   | Killed a seven-headed hydra
 18841 | Lair:2   | Found a staircase to the Swamp.
 18933 | Lair:2   | Reached skill level 9 in Ice Magic
 19055 | Lair:2   | Found a staircase to the Snake Pit.
 19397 | Lair:3   | Noticed Gastronok
 19402 | Lair:2   | Reached XP level 13. HP: 52/82 MP: 19/23
 19763 | Lair:2   | Reached **** piety under Vehumet
 19779 | Lair:2   | Reached skill level 10 in Ice Magic
 19831 | Lair:2   | HP: 4/82 [cane toad (22)]
 20113 | Lair:3   | Noticed Nessos
 20189 | Lair:3   | Noticed Amaemon
 20195 | Lair:3   | Killed Amaemon
 20202 | Lair:3   | Reached skill level 7 in Spellcasting
 20203 | Lair:3   | Offered knowledge of Arcjolt by Vehumet.
 20282 | Lair:3   | Killed from afar by Gastronok

Vanquished Creatures
  A hydra (Lair:2)
  Harold (Lair:2)
  4 two-headed ogres
  Urug (D:10)
  Amaemon (Lair:3)
  An orc knight (Bailey)
  An ugly thing (D:11)
  4 black mambas
  An orange demon (Lair:3)
  5 cane toads
  A rime drake (Lair:1)
  6 komodo dragons
  A merfolk (D:8)
  2 polar bears (Lair:2)
  A hornet (D:9)
  A troll (D:10)
  4 blink frogs (Lair:2)
  10 dream sheep
  19 yaks
  10 wyverns
  A wraith (D:10)
  A basilisk (Lair:2)
  A steam dragon (D:7)
  Menkaure (D:4)
  2 nagas (Lair:2)
  13 water moccasins
  Duvessa (D:4)
  5 orc warriors
  2 ice beasts
  A sky beast (D:7)
  3 black bears
  An ogre (D:7)
  7 wolves
  4 centaurs
  4 kobold brigands
  11 bullfrogs
  2 gnoll sergeants
  2 scorpions
  9 wights
  Dowan (D:4)
  3 electric eels (Lair:2)
  2 howler monkeys (D:10)
  2 hounds
  2 jellies
  2 gnoll boudas
  8 orc priests
  2 iguanas
  A sleepcap (D:8)
  5 orc wizards
  5 hell rats (Lair:1)
  29 gnolls
  6 adders
  2 ufetubi (D:7)
  4 worms
  6 dart slugs
  41 orcs
  7 endoplasms
  2 giant cockroaches
  12 goblins
  14 hobgoblins
  3 jackals (D:5)
  19 kobolds
  3 quokkas
  10 ball pythons
  8 bats
  6 frilled lizards
  9 rats
360 creatures vanquished.

Vanquished Creatures (collateral kills)
  Snorg (D:10)
  A cane toad (Lair:1)
  2 water moccasins (Lair:1)
  A kobold brigand (D:9)
  A howler monkey (D:10)
  2 kobolds (D:9)
  A butterfly (Lair:1)
9 creatures vanquished.

Grand Total: 369 creatures vanquished

Table legend: (Time is in decaauts)
 A = Elapsed time spent in this place.
 B = Non-inter-level travel time spent in this place.
 C = Inter-level travel time spent in this place.
 D = Time resting spent in this place.
 E = Time spent auto-exploring this place.
 F = Levels seen in this place.
 G = Mean time per level.
                   A        B        C        D        E       F      G
               +--------+--------+--------+--------+--------+-----+--------+
         Total |  20330 |  19572 |    758 |   2447 |  13973 |  15 | 1355.3 |
       Dungeon |  15473 |  14847 |    626 |   1300 |  11333 |  11 | 1406.6 |
          Lair |   3648 |   3516 |    132 |    692 |   2171 |   3 | 1216.0 |
        Bailey |   1209 |   1209 |      0 |    455 |    469 |   1 | 1209.0 |
               +--------+--------+--------+--------+--------+-----+--------+

Top non-repeatable levels by time:
     D:7: 2479 daAuts
     D:8: 2398 daAuts
    D:10: 2130 daAuts
  Lair:1: 1749 daAuts
  Lair:2: 1708 daAuts
     D:9: 1671 daAuts
     D:1: 1571 daAuts
     D:4: 1412 daAuts
     D:3: 1221 daAuts
  Bailey: 1209 daAuts
     D:5: 1178 daAuts
     D:2: 1165 daAuts
  Lair:3: 190 daAuts
     D:6: 135 daAuts
    D:11: 110 daAuts

Table legend:
 A = Non-vault XP
 B = Vault XP
 C = Vault XP percentage of total XP
 D = Non-vault monster count
 E = Vault monster count
 F = Vault count percentage of total count
                 A         B        C        D         E       F
            +---------+---------+-------+---------+---------+-------
      Total |   26907 |   10920 |  28.9 |     272 |      96 |  26.1
            +---------+---------+-------+---------+---------+-------
        D:1 |      54 |       7 |  11.5 |      29 |       3 |   9.4
        D:2 |      85 |      15 |  15.0 |      24 |       2 |   7.7
        D:3 |      39 |       0 |   0.0 |      14 |       0 |   0.0
        D:4 |     213 |     388 |  64.6 |      20 |       3 |  13.0
        D:5 |     418 |     106 |  20.2 |      10 |       8 |  44.4
        D:6 |      55 |       0 |   0.0 |       5 |       0 |   0.0
        D:7 |    1784 |      10 |   0.6 |      29 |       5 |  14.7
        D:8 |    1552 |    1391 |  47.3 |      26 |      17 |  39.5
        D:9 |    3327 |    1239 |  27.1 |      22 |       7 |  24.1
       D:10 |    3498 |    1750 |  33.3 |      27 |       7 |  20.6
       D:11 |    1685 |       0 |   0.0 |       3 |       0 |   0.0
     Lair:1 |    4953 |     844 |  14.6 |      26 |       4 |  13.3
     Lair:2 |    7845 |    2119 |  21.3 |      31 |       8 |  20.5
     Lair:3 |    1399 |    2231 |  61.5 |       6 |       7 |  53.8
     Bailey |       0 |     820 | 100.0 |       0 |      25 | 100.0
            +---------+---------+-------+---------+---------+-------

Levels and vault maps discovered:
D:1:      nicolae_arrival_washed_ashore, layout_basic, minmay_vboxes
D:2:      minmay_evil_eye, layout_basic, shapermc_ecumenical_altar_notcrosses
D:3:      layout_basic, mainiacjoe_overflow_tiny_flanked, doesnt_xom_only_xom
D:4:      layout_gridville, evilmike_ruin_ashenzari,
          mainiacjoe_overflow_six_doors_small, nicolae_overflow_hidden_temple,
          uniq_menkaure, uniq_duvessa
D:5:      layout_rooms, serial_rivers, chequers_serial_rivers_small_b,
          chequers_serial_rivers_small_b, chequers_serial_rivers_micro_d,
          chequers_serial_rivers_micro_a, chequers_serial_rivers_micro_a,
          chequers_serial_rivers_small_3, lexackson_kobold_supper
D:6:      gammafunk_cloud_chamber, layout_basic, dancing_weapons_uskayaw,
          minmay_temple_entry_offerings, gammafunk_ghost_grave, serial_rivers,
          chequers_serial_rivers_large_a, chequers_serial_rivers_micro_c,
          chequers_serial_rivers_small_3, chequers_serial_rivers_marsh,
          chequers_serial_rivers_small_b
D:7:      layout_layer_cave, amcnicky_altar_gilded, enter_bailey_4, minivault_25
D:8:      nicolae_cairo_tiling_large, layout_rooms, nicolae_vehumet_radiance,
          roadster_trireme
D:9:      layout_loops_ring, minmay_lair_entry_grove, serial_shops,
          nicolae_shop_competitors_out_of_business, serial_aquarium,
          aquarium_bridge_square [aquarium_subvault_wall,
          aquarium_subvault_bridge, aquarium_subvault_wall,
          aquarium_subvault_bridge], aquarium_bridge_square
          [aquarium_subvault_bridge, aquarium_subvault_wall,
          aquarium_subvault_window, aquarium_subvault_window],
          aquarium_window_1, aquarium_window_corner, aquarium_view_2d,
          aquarium_view_2f
D:10:     layout_small_grid, zin_statuary, bloody_makhleb, orc_david_3,
          uniq_urug, uniq_snorg
D:11:     layout_roguey, led_sif_pool
Lair:1:   layout_gridlike, grunt_megastairs_1, lemuel_fruit_fields,
          lemuel_fruit_tree
Lair:2:   layout_regular_city, minmay_swamp_entry_eels,
          alex1729_snake_entry_snake, uniq_harold
Lair:3:   layout_cave_shapes, st_stairs_4, dreamdust_gnoll_shepherd,
          uniq_nessos, uniq_amaemon, uniq_gastronok
